 Dungeon Crawl Stone Soup version 0.25.1-2-g60ff931df9 (webtiles) character file.

Game seed: 9675189580649282876

72 DildoBatman the Conjurer (level 4, -1/30 HPs)
             Began as a Formicid Wizard on Oct 17, 2020.
             Slain by a ball python (2 damage)
             ... on level 2 of the Dungeon.
             The game lasted 00:03:51 (1218 turns).

DildoBatman the Conjurer (Formicid Wizard)          Turns: 1218, Time: 00:03:51

Health: -1/30      AC:  2    Str: 12    XL:     4   Next: 50%
Magic:  5/8        EV:  9    Int: 18    God:
Gold:   33         SH:  0    Dex:  9    Spells: 8/9 levels left

rFire    . . .     SeeInvis +   a - +0 hunting sling
rCold    . . .     Gourm    .   (no shield)
rNeg     . . .     Faith    .   g - +0 robe
rPois    .         Spirit   .   (helmet unavailable)
rElec    .         Reflect  .   (no cloak)
rCorr    .         Harm     .   (no gloves)
MR       .....                  (no boots)
Stlth    ++........             (no amulet)
HPRegen  0.10/turn              (no ring)
MPRegen  0.11/turn              (no ring)

@: constricted
A: permanent stasis, dig shafts and tunnels, four strong arms, antennae 3
a: Dig, Shaft Self


You were on level 2 of the Dungeon.
You were not hungry.

You visited 1 branch of the dungeon, and saw 2 of its levels.

You collected 33 gold pieces.

Inventory:

Hand Weapons
 a - a +0 hunting sling (weapon)
Missiles
 h - 56 stones (quivered)
 k - 18 poisoned darts
Armour
 g - a +0 robe (worn)
Scrolls
 c - 2 scrolls of remove curse {unknown}
 d - 2 scrolls of teleportation {unknown}
 f - 2 scrolls of identify {unknown}
 i - a scroll of enchant armour {unknown}
Potions
 j - a potion of lignification
Comestibles
 b - 5 chunks of flesh
 v - 4 rations


   Skills:
 - Level 1.7 Dodging
 - Level 2.4 Stealth
 - Level 3.2 Spellcasting
 * Level 3.6 Conjurations
   Level 1.0 Summonings
   Level 0.8 Translocations


You had 8 spell levels left.
You knew the following spells:

 Your Spells              Type           Power        Failure   Level  Hunger
c - Magic Dart            Conj           ###.         3%          1    None

Your spell library contained the following spells:

 Spells                   Type           Power        Failure   Level  Hunger
 Call Imp                 Summ           #.......     16%         2    ##.....
 Conjure Flame            Conj/Fire      #.......     22%         3    ###....
 Slow                     Hex            #.......     24%         2    ##.....
 Mephitic Cloud           Conj/Pois/Air  #.......     28%         3    ###....
 Blink                    Tloc           Unusable     N/A         2    N/A

Dungeon Overview and Level Annotations

Branches:
Dungeon (2/15)

Altars:
Ashenzari
Nemelex Xobeh
Wu Jian


Innate Abilities, Weirdness & Mutations

You cannot be hasted, slowed, berserked, paralysed or teleported.
You can dig through walls and to a lower floor.
Your four strong arms can wield two-handed weapons with a shield.
You have a pair of large antennae on your head. (SInv)


Message History

The ball python constricts you. What are your orders? t - Shout!
Orders for allies: a - Attack new target. r - Retreat! s - Stop attacking. g - Guard the area. f - Follow me.
Anything else - Cancel.
You shout for attention!
The kobold barely misses you. The ball python closely misses you.
The ball python constricts you. What are your orders? t - Shout!
Orders for allies: a - Attack new target. r - Retreat! s - Stop attacking. g - Guard the area. f - Follow me.
Anything else - Cancel.
You shout for attention!
The ball python bites you.
You die...

............# .....
..(..#####(.. .....
.......(.(..###.##
..................
................# ...
#.....(.......#
.....####.............##
.....#..(...######....#
.....#.@....######....#+
.....#SK................
.......................
..#................... ...
#..............÷.... .. .g
#.÷................. ... #
#.......#÷####...... ....
#.......#.#.....#...
....#####......##.##....#...


You could see a hobgoblin, a ball python and a kobold.

Vanquished Creatures
  A hound (D:2)
  2 adders (D:2)
  A worm (D:2)
  A leopard gecko (D:2)
  A bat (D:2)
  2 goblins
  4 hobgoblins
  3 kobolds (D:1)
  A quokka (D:1)
  A frilled lizard (D:2)
  5 rats
22 creatures vanquished.

Notes
Turn   | Place    | Note
-------+----------+-------------------------------------------
     0 | D:1      | DildoBatman the Formicid Wizard began the quest for the
                  | Orb.
     0 | D:1      | Reached XP level 1. HP: 13/13 MP: 4/4
    29 | D:1      | Reached skill level 1 in Conjurations
   253 | D:1      | Reached XP level 2. HP: 19/19 MP: 1/6
   801 | D:1      | You fall into a shaft and drop 1 floor!
   873 | D:2      | Found a shattered altar of Ashenzari.
   879 | D:2      | Found a sparkling altar of Nemelex Xobeh.
   884 | D:2      | Found an ornate altar of the Wu Jian Council.
   960 | D:2      | Reached XP level 3. HP: 24/24 MP: 2/7
  1174 | D:2      | Reached XP level 4. HP: 30/30 MP: 0/8
  1216 | D:2      | HP: 1/30 [ball python (1)]
  1218 | D:2      | Slain by a ball python

Illustrated notes

Levels and vault maps discovered:
D:1:      wheals_arrival_shading, layout_rooms, hangedman_decor_clover_reticule,
          minmay_misc_feat_tower
D:2:      layout_basic, minmay_overflow_temple_star_quad

Skill      XL: |  1  2  3 |
---------------+----------+-----
Conjurations   | 1 2 3 |  3.6
Dodging        | |  1.7
Stealth        | |  2.4
Spellcasting   | |  3.2
Summonings     | |  1.0
Translocations | |  0.8

Action                   |  1- 3 |  4- 6 || total
-------------------------+-------+-------++-------
Melee: Spear             |     9 |       ||     9
 Fire: Hunting sling     |    21 |       ||    21
 Cast: Magic Dart        |    51 |       ||    51
 Abil: Shaft Self        |     1 |       ||     1
  Use: Potion            |     2 |       ||     2
  Eat: Chunk             |     1 |       ||     1
Armor: Robe              |     4 |    11 ||    15
       Skin              |     2 |     5 ||     7
Dodge: Dodged            |    11 |    16 ||    27
